Map: King's Cove LE

Players

llllllllllll - Winner!

  • Race: Terran Terran
  • League: Grandmaster
  • Spawn Location: 5:00

DisK

  • Race: Protoss Protoss
  • League: Grandmaster
  • Spawn Location: 11:00

VOD

Have the link to the VOD?

Description

Time

  • Played on: March 19, 2019, 10:10 p.m.
  • Length: 13:02
Show
View Real Time Build Order
Export as new Build Order

llllllllllll Terran - Winner!

Build Orders: Liberator Opening, Reaper Expand, Mech 

Get SALT Encoding   

  12  0:01  SCV  
  13  0:13  SCV  
  14  0:18  Supply Depot  
  14  0:25  SCV  
  15  0:40  SCV  
  16  0:43  Barracks  
  16  0:45  Refinery  
  16  0:52  SCV  
  17  1:04  SCV  
  18  1:16  SCV  
  19  1:29  Orbital Command  
  19  1:30  Reaper  
  20  1:44  Command Center  
  20  1:56  SCV  
  20  1:57  Supply Depot  
  21  2:02  Marine  
  21  2:08  SCV  
  23  2:11  Factory  
  23  2:17  Refinery  
  23  2:22  Barracks Reactor  
  23  2:23  SCV  
  24  2:35  SCV  
  25  2:47  SCV  
  26  2:56  Starport  
  26  2:57  Orbital Command  
  26  2:59  SCV, Marine x2  
  26  3:02  Widow Mine  
  31  3:12  SCV  
  32  3:17  Marine x2  
  33  3:23  SCV, Widow Mine  
  33  3:24  SCV  
  33  3:25  Supply Depot  
  37  3:33  Medivac  
  39  3:35  SCV, Marine x2  
  39  3:36  SCV  
  43  3:44  Widow Mine  
  43  3:47  SCV, Supply Depot  
  43  3:48  SCV, Liberator  
  47  3:53  Marine x2  
  49  3:57  Supply Depot  
  49  3:59  SCV  
  51  4:02  SCV  
  54  4:12  Factory Tech Lab  
  54  4:19  Command Center  
  54  4:20  SCV x2  
  56  4:27  Refinery  
  56  4:28  Refinery  
  56  4:31  Bunker  
  56  4:33  Siege Tank  
  56  4:35  SCV  
  60  4:40  Marine, Supply Depot  
  60  4:42  Marine  
  60  4:44  SCV  
  63  4:48  SCV  
  64  4:56  SCV  
  65  5:00  SCV  
  65  5:05  Siege Tank  
  70  5:08  SCV  
  70  5:10  Viking  
  70  5:12  SCV  
  71  5:15  Supply Depot  
  71  5:19  Marine  
  71  5:20  SCV, Marine  
  74  5:22  Armory  
  74  5:24  SCV  
  74  5:27  Armory  
  75  5:32  SCV  
  76  5:36  SCV  
  76  5:37  Marine x2  
  76  5:38  Siege Tank  
  82  5:44  SCV  
  82  5:48  SCV, Starport Tech Lab  
  84  5:56  SCV x2  
  80  6:00  SCV, Marine x2  
  83  6:09  SCV, Orbital Command  
  84  6:13  SCV  
  82  6:21  SCV  
  82  6:22  Terran Vehicle Weapons Level 1  
  82  6:23  Terran Vehicle And Ship Armor Level 1  
  82  6:25  SCV, Factory  
  84  6:27  Factory  
  84  6:33  SCV  
  84  6:36  SCV, Refinery  
  84  6:37  SCV, Refinery  
  87  6:40  Marine x2  
  87  6:41  Starport Reactor, Siege Tank  
  87  6:45  SCV, Supply Depot  
  93  6:48  SCV  
  93  6:49  SCV  
  90  6:57  SCV  
  90  6:58  Marine x2  
  90  7:00  SCV  
  92  7:01  SCV  
  92  7:09  SCV  
  92  7:12  SCV, Factory  
  92  7:13  SCV, Siege Tank, Factory  
  98  7:21  SCV  
  99  7:24  SCV  
  99  7:25  SCV  
  99  7:28  Engineering Bay  
  97  7:33  SCV  
  97  7:35  Hellion x2  
  97  7:37  SCV  
  106  7:39  SCV  
  107  7:45  SCV  
  108  7:57  Factory Tech Lab, Factory Reactor  
  105  8:00  Factory Tech Lab, Hellion x2  
  105  8:03  Command Center  
  109  8:07  Supply Depot x2  
  109  8:10  Supply Depot  
  109  8:11  Supply Depot x2  
  109  8:18  Terran Vehicle Weapons Level 2, Terran Vehicle And Ship Armor Level 2  
  109  8:20  Siege Tank x2  
  109  8:21  SCV x2  
  117  8:29  SCV, Hellion x2  
  125  8:35  Infernal Pre-Igniter  
  125  8:36  Smart Servos  
  125  8:39  SCV  
  126  8:44  Supply Depot  
  126  8:46  Supply Depot  
  125  8:50  Hellion  
  125  8:52  Siege Tank x2  
  125  8:54  Viking x2, Supply Depot x2  
  137  8:58  Missile Turret  
  137  9:00  Missile Turret  
  137  9:02  Siege Tank, Hellion  
  139  9:10  Hellion  
  139  9:13  SCV  
  139  9:14  SCV  
  133  9:25  Siege Tank x2, Hellion  
  133  9:29  Viking  
  143  9:34  Siege Tank, Orbital Command  
  145  9:42  Hellion x2  
  145  9:43  Hellion  
  145  9:44  SCV x2  
  151  9:51  SCV  
  152  9:54  Sensor Tower  
  152  9:56  SCV  
  152  9:57  Siege Tank x2  
  159  10:01  Viking x2  
  159  10:03  SCV x2  
  159  10:04  SCV  
  159  10:05  Missile Turret  
  166  10:09  Refinery  
  166  10:10  SCV, Refinery  
  166  10:11  Sensor Tower  
  166  10:14  Siege Tank  
  169  10:15  SCV  
  169  10:29  Siege Tank  
  169  10:34  Siege Tank, Hellion  
  169  10:35  Hellion x3  
  135  10:46  Siege Tank  
  138  10:51  SCV  
  138  10:52  SCV x2  
  138  10:55  Command Center  
  138  10:56  Hellion x2  
  145  10:57  Viking  
  145  11:01  Siege Tank  
  145  11:03  SCV  
  151  11:06  Siege Tank  
  151  11:08  Hellion x2  
  151  11:10  Viking  
  160  11:17  Hellion  
  162  11:20  Barracks, Ghost Academy, Barracks Tech Lab  
  162  11:27  Command Center, Hellion x2  
  162  11:28  Drilling Claws  
  162  11:30  Hellion x2  
  170  11:33  Hellion  
  170  11:39  Hellion  
  174  11:42  Siege Tank  
  174  11:46  Supply Depot  
  177  11:47  Supply Depot  
  177  11:49  Hellion x2  
  177  11:51  Ghost, Hellion  
  185  12:06  Siege Tank, Hellion x2  
  192  12:15  Hellion  
  196  12:31  Barracks Reactor  
  196  12:42  Barracks  
Show
View Real Time Build Order
Export as new Build Order

DisK Protoss 

Build Orders: 1 Gate Expand, Colossus Rush 

Get SALT Encoding   

  12  0:02  Probe  
  13  0:14  Probe  
  13  0:18  Pylon  
  14  0:26  Probe  
  15  0:34  Probe  
  15  0:36  Gateway  
  15  0:42  Probe  
  16  0:47  Assimilator  
  17  0:54  Probe  
  18  1:06  Probe  
  20  1:18  Probe  
  20  1:25  Nexus  
  20  1:36  Cybernetics Core  
  20  1:41  Probe  
  20  1:47  Assimilator  
  21  1:54  Probe  
  21  1:57  Pylon  
  22  2:05  Adept  
  22  2:07  Probe  
  25  2:15  Warp Gate  
  25  2:20  Probe  
  26  2:26  Robotics Facility  
  26  2:32  Probe  
  27  2:37  Probe  
  27  2:38  Stalker  
  27  2:41  Probe  
  30  2:45  Probe  
  30  2:49  Probe  
  32  2:54  Probe  
  34  3:00  Probe  
  35  3:06  Probe  
  35  3:12  Probe  
  37  3:16  Observer  
  37  3:18  Probe  
  39  3:20  Gateway  
  39  3:21  Gateway  
  39  3:26  Probe  
  40  3:28  Probe  
  40  3:32  Robotics Bay  
  41  3:37  Probe, Observer  
  41  3:39  Shield Battery  
  42  3:41  Probe  
  42  3:45  Probe  
  44  3:52  Assimilator  
  44  3:53  Assimilator  
  44  3:54  Pylon  
  45  3:58  Probe  
  46  4:06  Warp Prism, Pylon  
  46  4:09  Gravitic Drive  
  46  4:12  Probe  
  46  4:13  Stalker  
  51  4:24  Stalker  
  51  4:25  Stalker  
  51  4:28  Pylon  
  51  4:31  Probe x2  
  57  4:43  Probe x2  
  57  4:44  Disruptor  
  59  4:54  Observer  
  59  4:56  Probe  
  60  5:00  Probe  
  60  5:04  Probe  
  60  5:05  Nexus  
  61  5:08  Pylon  
  61  5:12  Probe  
  63  5:14  Probe  
  63  5:21  Colossus  
  64  5:26  Probe  
  64  5:27  Pylon  
  71  5:30  Extended Thermal Lance  
  71  5:32  Sentry  
  73  5:36  Probe  
  73  5:40  Pylon  
  74  5:44  Forge  
  74  5:53  Twilight Council  
  73  6:03  Stalker x3  
  79  6:10  Protoss Ground Weapons Level 1  
  79  6:11  Colossus  
  79  6:13  Shield Battery  
  79  6:23  Shield Battery  
  79  6:25  Probe x2  
  87  6:26  Probe  
  88  6:37  Probe x2  
  88  6:38  Probe, Sentry  
  93  6:46  Blink  
  93  6:49  Probe x2  
  93  6:50  Probe  
  96  7:00  Probe  
  96  7:02  Probe x2  
  96  7:04  Gateway x2  
  96  7:07  Pylon  
  99  7:08  Probe  
  99  7:10  Probe x2  
  99  7:12  Pylon  
  102  7:16  Probe  
  102  7:18  Gateway  
  102  7:19  Probe x2  
  101  7:27  Stalker  
  101  7:28  Stalker x2  
  109  7:31  Probe  
  109  7:32  Probe x2  
  109  7:35  Assimilator  
  109  7:37  Assimilator  
  112  7:39  Warp Prism  
  112  7:40  Pylon  
  112  7:43  Photon Cannon  
  114  7:49  Forge  
  114  7:52  Templar Archives, Probe  
  114  7:53  Probe, Protoss Ground Armor Level 1  
  116  8:02  Nexus, Pylon  
  116  8:06  Pylon  
  116  8:18  Protoss Ground Weapons Level 2  
  116  8:23  Gateway  
  116  8:25  Gateway  
  116  8:28  Robotics Facility  
  116  8:29  Charge, Pylon  
  116  8:33  Gateway  
  116  8:34  Gateway  
  116  8:36  Stalker x2  
  126  8:55  Pylon  
  126  9:00  Pylon  
  126  9:03  Pylon  
  126  9:05  Pylon  
  124  9:13  Pylon  
  124  9:15  Immortal  
  124  9:16  Immortal  
  125  9:23  Assimilator  
  124  9:24  Assimilator  
  124  9:32  Nexus  
  124  9:34  Assimilator  
  124  9:35  Pylon, Observer  
  124  9:39  Assimilator  
  124  9:43  Pylon  
  124  9:51  High Templar x4  
  124  9:52  High Templar x3  
  136  9:53  Zealot x2, High Templar  
  136  9:58  Archon x4  
  144  10:04  Immortal x2  
  152  10:07  Stargate  
  152  10:08  Stargate  
  152  10:14  Photon Cannon  
  152  10:17  Photon Cannon  
  147  10:34  Immortal x2  
  87  10:45  High Templar x3  
  87  10:47  Zealot x3, High Templar  
  87  10:48  Zealot x3  
  105  10:52  Archon  
  105  10:53  Archon  
  105  11:10  Zealot x6, Fleet Beacon  
  117  11:21  High Templar  
  117  11:22  High Templar  
  125  11:25  Immortal  
  125  11:26  Archon, Immortal  
  129  11:39  Zealot x5  
  139  11:44  Tempest x2  
  139  11:52  Stalker  
  139  11:53  Stalker x2  
  153  12:07  Zealot x5  
  163  12:16  Zealot x2  
  163  12:17  Zealot x3  
  167  12:33  Zealot x4  
  168  12:38  Zealot x4  
  168  12:39  Zealot  
  107  12:56  Zealot x5  
Tags
 
Add a new tag
Caveats
  • Supply blocks, unpowered buildings, or Contaminate may cause inaccurate times.
  • Supply counts are checked every 10 seconds.